 Dungeon Crawl Stone Soup version 0.31.0-11-ge490571c62 (webtiles) character file.

Game seed: 6666752153826213718

2650 Ashen the Sneak (level 9, -1/64 (66) HPs)
             Began as a Gnoll Enchanter on Feb 1, 2024.
             Was a Follower of Uskayaw.
             Slain by a gnoll
             ... wielding a +3 halberd of electrocution
              (13 damage)
             ... in a bailey.
             The game lasted 00:17:44 (5817 turns).

Ashen the Sneak (Gnoll Enchanter)                   Turns: 5817, Time: 00:17:45

HP:   -1/64 (66)    AC:  8    Str:  8    XL:     9   Next: 62%
MP:   15/19         EV: 15    Int: 20    God:    Uskayaw [*.....]
Gold: 398           SH:  0    Dex: 17    Spells: 10/21 levels left

rFire   x . .        t - +2 short sword (venom)
rCold   + . .        (no shield)
rNeg    . . .        b - +0 robe
rPois   .            C - +0 helmet
rElec   .            h - +0 cloak
rCorr   .            (no gloves)
SInv    .            J - +2 pair of boots
Will    .....        e - amulet of regeneration
Stlth   ++++         q - +6 ring of intelligence
HPRegen 1.10/turn    K - ring of ice
MPRegen 0.16/turn

%: no passive effects
@: confusing by touch, lightly drained
A: fangs 1, strong nose, distributed training
a: Renounce Religion, Stomp


You were in a bailey.
You worshipped Uskayaw.
Uskayaw was noncommittal.
You visited 2 branches of the dungeon, and saw 9 of its levels.
You also visited: Bailey.

You collected 398 gold pieces.

Inventory:

Hand Weapons
 a - a +1 dagger
 m - a +0 whip of electrocution
 t - a +2 short sword of venom (weapon)
 u - a +2 dagger of freezing
 A - a +0 rapier
Armour
 b - a +0 robe (worn)
 h - a +0 cloak (worn)
 C - a +0 helmet (worn)
 J - a +2 pair of boots (worn)
Jewellery
 e - an amulet of regeneration (around neck)
 q - a +6 ring of intelligence (left hand)
 s - a ring of resist corrosion
 E - a ring of positive energy
 H - a +5 ring of evasion
 K - a ring of ice (right hand)
Wands
 i - a wand of roots (7)
 w - a wand of light (11)
 I - a wand of charming (8)
Scrolls
 d - 14 scrolls of identify {unknown}
 j - a scroll of enchant weapon {unknown}
 o - 3 scrolls of immolation {unknown}
 r - a scroll of summoning {unknown}
 v - a scroll of blinking {unknown}
 x - 2 scrolls of teleportation {unknown}
 y - a scroll of poison {unknown}
 z - a scroll of amnesia {unknown}
 D - 2 scrolls of fog {unknown}
 F - a scroll of revelation {unknown}
 G - a scroll of torment {unknown}
Potions
 c - 2 potions of invisibility
 f - 2 potions of cancellation {unknown}
 g - 4 potions of lignification {unknown}
 k - a potion of curing {unknown}
 l - 2 potions of heal wounds {unknown}
 n - 2 potions of ambrosia {unknown}
 p - 2 potions of brilliance {unknown}
 B - a potion of attraction {unknown}
 L - 2 potions of enlightenment {unknown}
 M - 2 potions of mutation {unknown}
 N - a potion of might {unknown}


   Skills:
 + Level 4.6 Fighting
 + Level 5.3 Short Blades
 + Level 4.6 Long Blades
 + Level 4.6 Axes
 + Level 4.6 Maces & Flails
 + Level 4.6 Polearms
 + Level 4.6 Staves
 + Level 4.6 Ranged Weapons
 + Level 4.6 Throwing
 + Level 4.6 Armour
 + Level 6.5 Dodging
 + Level 7.6 Stealth
 + Level 4.6 Shields
 + Level 4.6 Unarmed Combat
 + Level 6.9 Spellcasting
 + Level 3.8 Conjurations
 + Level 6.7 Hexes
 + Level 3.8 Summonings
 + Level 3.8 Necromancy
 + Level 3.8 Translocations
 + Level 3.8 Fire Magic
 + Level 3.8 Ice Magic
 + Level 3.8 Air Magic
 + Level 3.8 Earth Magic
 + Level 3.8 Alchemy
 + Level 5.0 Invocations
 + Level 4.6 Evocations
 + Level 4.2 Shapeshifting


You had 10 spell levels left.
You knew the following spells:

 Your Spells              Type           Power      Damage    Failure   Level
a - Ensorcelled Hibernat  Hex/Ice        84%        N/A       1%          2
b - Confusing Touch       Hex            33%        N/A       1%          3
c - Tukima's Dance        Hex            33%        N/A       1%          3
d - Dazzling Flash        Conj/Hex       56%        N/A       3%          3

Your spell library contained the following spells:

 Spells                   Type           Power      Damage    Failure   Level
 Necrotise                Necr           88%        1d8       1%          1
 Sublimation of Blood     Necr           22%        N/A       3%          2
 Hailstorm                Conj/Ice       33%        3d8       6%          3
 Summon Ice Beast         Ice/Summ       33%        N/A       6%          3
 Vampiric Draining        Necr           22%        2d7       6%          3
 Martyr's Knell           Necr/Summ      22%        N/A       21%         4
 Petrify                  Alch/Erth      22%        N/A       21%         4
 Curse of Agony           Necr           22%        N/A       50%         5
 Irradiate                Conj/Alch      11%        3d15      50%         5
 Sculpt Simulacrum        Ice/Alch       16%        N/A       97%         6


Dungeon Overview and Level Annotations

Branches:
Dungeon (8/15)             Temple (1/1) D:5          Bailey (1/1)
   Lair: D:8-11

Altars:
Ashenzari
Cheibriados
Dithmenos
Elyvilon
Fedhas
Gozag
Hepliaklqana
Kikubaaqudgha
Makhleb
Nemelex Xobeh
Okawaru
Qazlal
Ru
Sif Muna
Trog
Uskayaw
Vehumet
Wu Jian
Xom
Yredelemnul
Zin
The Shining One

Shops:
D:3 [

Annotations:
D:8 exclusion: cyclops, Maggie, Psyche


Innate Abilities, Weirdness & Mutations

You have very sharp teeth.
Your uncanny sense of smell can sniff out nearby items.
Your experience applies equally to all skills.


Message History

a +0 halberd of draining; a gnoll corpse
There is an open door here.
Casting: Tukima's Dance (safe; 1% risk of failure)
Confirm with . or Enter, or press ? or * to list all spells.
Your hands begin to glow red.
The orc knight completely misses you.
You closely miss the orc knight. You bite the orc knight.
The orc knight is lightly wounded.
The gnoll closely misses you. The orc knight barely misses you.
You barely miss the orc knight. You punch the orc knight.
The orc knight is lightly wounded.
The gnoll barely misses you. The orc knight closely misses you.
You hit the orc knight but do no damage.
The orc knight is lightly wounded.
The gnoll hits you from afar with a +3 halberd of electrocution.
You are electrocuted!
You hit the orc knight but do no damage.
Your bite misses the orc knight.
The orc knight is lightly wounded.
The orc knight barely misses you.
Something hits the gnoll!
You hit the orc knight but do no damage.
Your bite misses the orc knight.
The orc knight is lightly wounded.
The gnoll hits you from afar with a +3 halberd of electrocution!
The orc knight hits you.
You hit the orc knight but do no damage.
Your bite misses the orc knight.
The orc knight is lightly wounded.
The gnoll misses you. The orc knight hits you!
* * * LOW HITPOINT WARNING * * *
Something hits the gnoll!
The gnoll dies!
Aiming: Charm
Press: ? - help, Shift-Dir - straight line, f/p - orc knight
Aim: an orc knight (lightly wounded, chance to confuse on hit: 45%, chance to affect: 43%)
The orc knight resists with some effort.
The gnoll hits you from afar with a +3 halberd of electrocution!
* * * LOW HITPOINT WARNING * * *
You are electrocuted!
You die...

#.###)###)#)###.###.#
### ### ##### ### #'#
#g#)###)###.# +##+
+###'##'##'## #!.! ∆
##.....## #.!(!
###.....### +!.⌠.∆
#.'..⌠..')# g.g.
###.....### ∆ ∆.!#
##@....##
#'###o##'##'##
#))g###.###.# #####
### ###


You could see an orc knight and a gnoll.

Vanquished Creatures
  3 yaks (D:8)
  An acid dragon (D:8)
  A water moccasin (D:5)
  2 sky beasts
  An ice beast (D:7)
  An ogre (D:5)
  A kobold brigand (D:6)
  A phantom (D:6)
  Blork the orc (D:4)
  A gnoll sergeant (D:6)
  A bullfrog (D:8)
  3 scorpions
  2 howler monkeys
  4 killer bees (D:8)
  5 bombardier beetles
  2 jellies
  An orc priest (D:5)
  3 hounds
  2 sleepcaps
  4 iguanas
  4 orc wizards (D:7)
  9 adders
  9 gnolls
  2 shadow imps
  A dart slug (D:1)
  22 orcs
  6 endoplasms
  A giant cockroach (D:2)
  7 goblins
  8 hobgoblins
  2 quokkas
  6 ball pythons
  5 bats
  2 frilled lizards
  12 kobolds
  7 rats
143 creatures vanquished.

Vanquished Creatures (collateral kills)
  A gnoll (Bailey)
1 creature vanquished.

Grand Total: 144 creatures vanquished

Notes
Turn   | Place    | Note
-------+----------+-------------------------------------------
     0 | D:1      | Ashen the Gnoll Enchanter began the quest for the Orb.
     0 | D:1      | Reached XP level 1. HP: 13/13 MP: 6/6
   298 | D:1      | Reached XP level 2. HP: 19/19 MP: 7/7
   303 | D:1      | Learned a level 2 spell: Ensorcelled Hibernation
   872 | D:1      | Found a faded altar of an unknown god.
  1058 | D:2      | Reached skill level 6 in Stealth
  1058 | D:2      | Reached skill level 5 in Spellcasting
  1058 | D:2      | Reached XP level 3. HP: 25/25 MP: 5/9
  1062 | D:2      | Learned a level 3 spell: Confusing Touch
  1066 | D:2      | Learned a level 3 spell: Tukima's Dance
  1070 | D:2      | Learned a level 3 spell: Dazzling Flash
  1305 | D:2      | Reached skill level 1 in Invocations
  1769 | D:3      | Reached skill level 1 in Fighting
  1769 | D:3      | Reached skill level 1 in Long Blades
  1769 | D:3      | Reached skill level 1 in Axes
  1769 | D:3      | Reached skill level 1 in Maces & Flails
  1769 | D:3      | Reached skill level 1 in Polearms
  1769 | D:3      | Reached skill level 1 in Staves
  1769 | D:3      | Reached skill level 1 in Ranged Weapons
  1769 | D:3      | Reached skill level 1 in Throwing
  1769 | D:3      | Reached skill level 1 in Armour
  1769 | D:3      | Reached skill level 1 in Shields
  1769 | D:3      | Reached skill level 1 in Unarmed Combat
  1769 | D:3      | Reached skill level 1 in Evocations
  2044 | D:3      | Found Suogh's Antique Armour Emporium.
  2223 | D:4      | Reached skill level 1 in Shapeshifting
  2223 | D:4      | Reached XP level 4. HP: 32/32 MP: 8/11
  2455 | D:4      | Identified the +8 hand axe "Jiatafe" {pain, rC+ MP+9 Str+3}
  2474 | D:4      | Found a glowing golden altar of the Shining One.
  2495 | D:4      | Noticed a scorpion
  2499 | D:4      | Killed a scorpion
  2500 | D:4      | Reached skill level 1 in Conjurations
  2500 | D:4      | Reached skill level 1 in Summonings
  2500 | D:4      | Reached skill level 1 in Necromancy
  2500 | D:4      | Reached skill level 1 in Translocations
  2500 | D:4      | Reached skill level 1 in Fire Magic
  2500 | D:4      | Reached skill level 1 in Ice Magic
  2500 | D:4      | Reached skill level 1 in Air Magic
  2500 | D:4      | Reached skill level 1 in Earth Magic
  2500 | D:4      | Reached skill level 1 in Alchemy
  2500 | D:4      | Reached XP level 5. HP: 37/37 MP: 9/12
  2592 | D:4      | Found a glowing silver altar of Zin.
  2592 | D:4      | Found a radiant altar of Vehumet.
  2837 | D:4      | Reached skill level 5 in Dodging
  2837 | D:4      | Reached XP level 6. HP: 44/44 MP: 14/14
  2839 | D:4      | Noticed Blork the orc
  2872 | D:4      | Killed Blork the orc
  3041 | D:5      | Entered Level 5 of the Dungeon
  3057 | D:5      | Reached XP level 7. HP: 51/51 MP: 13/15
  3134 | D:5      | Found a burning altar of Makhleb.
  3252 | D:5      | Identified the +1 whip of Circularity {drain, rF+ rC+}
  3546 | D:5      | Found a blossoming altar of Fedhas.
  3546 | D:5      | Found a snail-covered altar of Cheibriados.
  3583 | D:5      | Found a staircase to the Ecumenical Temple.
  3595 | D:5      | Reached XP level 8. HP: 58/58 MP: 16/16
  3599 | Temple   | Entered the Ecumenical Temple
  3613 | Temple   | Became a worshipper of Uskayaw the Reveller
  3640 | D:5      | Reached * piety under Uskayaw
  3756 | D:5      | Identified the +1 ring mail of the Realm of Zot {rC+ Int-3
                  | Dex+3 Stlth+}
  3761 | D:5      | Reached ** piety under Uskayaw
  3859 | D:6      | Reached *** piety under Uskayaw
  4070 | D:6      | Reached **** piety under Uskayaw
  4251 | D:6      | Reached skill level 7 in Stealth
  4917 | D:7      | Reached XP level 9. HP: 65/65 MP: 15/18
  5202 | D:8      | Noticed Psyche
  5202 | D:8      | Noticed Maggie
  5217 | D:8      | Noticed a cyclops
  5363 | D:8      | Found a flagged portal.
  5402 | D:8      | Reached skill level 5 in Short Blades
  5415 | D:8      | Reached ***** piety under Uskayaw
  5438 | D:8      | Reached skill level 5 in Invocations
  5481 | Bailey   | Entered a bailey
  5802 | Bailey   | Noticed an orc knight
  5817 | Bailey   | Slain by a gnoll

Illustrated notes

Levels and vault maps discovered:
D:1:      minmay_arrival_four_loops, layout_loops_corners,
          basic_ecumenical_altar, minmay_misc_feat_doors
D:2:      layout_basic
D:3:      layout_loops_cross, serial_shops, shop
D:4:      layout_rooms, jmf_multi_god_temple, nicolae_tso_carved_into_rock,
          uniq_blork_the_orc
D:5:      layout_basic, mainiacjoe_overflow_divided_tiny,
          mainiacjoe_overflow_surrounded_room, minmay_temple_entry_trees,
          st_stairs_9
D:6:      layout_rooms
D:7:      layout_cave_pools
D:8:      layout_basic, enter_bailey_5, eino_tiny_chamber, uniq_psyche,
          uniq_maggie
Temple:   compressed_dpeg_triangle_lava_temple
Bailey:   bailey_polearm_nasty_gnolls, bailey

Skill      XL: |  1  2  3  4  5  6  7  8  9 |
---------------+----------------------------+-----
Stealth        | 6 7 |  7.6
Spellcasting   | 5 6 |  6.9
Invocations    | 1 2 3 4 5 |  5.0
Fighting       | 1 2 3 4 |  4.6
Long Blades    | 1 2 3 4 |  4.6
Axes           | 1 2 3 4 |  4.6
Maces & Flails | 1 2 3 4 |  4.6
Polearms       | 1 2 3 4 |  4.6
Staves         | 1 2 3 4 |  4.6
Ranged Weapons | 1 2 3 4 |  4.6
Throwing       | 1 2 3 4 |  4.6
Armour         | 1 2 3 4 |  4.6
Shields        | 1 2 3 4 |  4.6
Unarmed Combat | 1 2 3 4 |  4.6
Evocations     | 1 2 3 4 |  4.6
Shapeshifting  | 1 2 3 4 |  4.2
Conjurations   | 1 2 3 |  3.8
Summonings     | 1 2 3 |  3.8
Necromancy     | 1 2 3 |  3.8
Translocations | 1 2 3 |  3.8
Fire Magic     | 1 2 3 |  3.8
Ice Magic      | 1 2 3 |  3.8
Air Magic      | 1 2 3 |  3.8
Earth Magic    | 1 2 3 |  3.8
Alchemy        | 1 2 3 |  3.8
Short Blades   | 3 4 5 |  5.3
Dodging        | 5 6 |  6.5
Hexes          | 6 |  6.7

Action                     |  1- 3 |  4- 6 |  7- 9 || total
---------------------------+-------+-------+-------++-------
  Melee: Dagger            |    93 |    15 |       ||   108
         Bite              |     7 |     1 |    25 ||    33
         Punch             |     1 |       |     5 ||     6
         Short sword       |       |    24 |   182 ||   206
         Whip              |       |       |     7 ||     7
   Cast: Ensorcelled Hiber |    14 |    28 |    57 ||    99
         Confusing Touch   |       |       |     6 ||     6
         Tukima's Dance    |       |       |     1 ||     1
  Evoke: Wand              |       |       |     2 ||     2
    Use: Potion            |       |       |     1 ||     1
   Stab: Sleeping          |    19 |    25 |    47 ||    91
         Invisible         |       |       |     2 ||     2
         Confused          |       |       |     5 ||     5
         Paralysed         |       |       |     5 ||     5
         Distracted        |       |       |     1 ||     1
 Armour: Robe              |    34 |    17 |   104 ||   155
  Dodge: Dodged            |    62 |    15 |   116 ||   193
